 Dungeon Crawl Stone Soup version 0.29.1-1-gd02db6906a (webtiles) character file.

Game seed: 2672735885498841636

595 pwr the Trooper (level 7, -8/62 HPs)
             Began as a Hill Orc Fighter on Sept 25, 2022.
             Mangled by an ogre
             ... wielding a +0 giant club
              (14 damage)
             ... on level 4 of the Dungeon on Oct 5, 2022.
             The game lasted 00:11:15 (4344 turns).

pwr the Trooper (Hill Orc Fighter)                  Turns: 4344, Time: 00:11:16

Health: -8/62      AC:  8    Str: 21    XL:     7   Next: 40%
Magic:  7/7        EV:  9    Int:  8    God:
Gold:   158        SH:  5    Dex: 10    Spells: 6/6 levels left

rFire   . . .      SeeInvis .   a - +0 war axe
rCold   . . .      Faith    .   c - +0 buckler
rNeg    . . .      Spirit   .   b - +0 scale mail
rPois   .          Reflect  .   w - +1 hat
rElec   .          Harm     .   (no cloak)
rCorr   .          Rampage  .   (no gloves)
Will    .....                   (no boots)
Stlth   ..........              (no amulet)
HPRegen 0.20/turn               (no ring)
MPRegen 0.10/turn               (no ring)

@: no status effects
A: no striking features
a: no special abilities


You were on level 4 of the Dungeon.
You visited 1 branch of the dungeon, and saw 4 of its levels.

You collected 158 gold pieces.

Inventory:

Hand Weapons
 a - a +0 war axe (weapon)
Armour
 b - a +0 scale mail (worn)
 c - a +0 buckler (worn)
 v - a +0 barding
 w - a +1 hat (worn)
Jewellery
 f - an amulet of guardian spirit
 l - a ring of protection from cold
 n - an amulet of regeneration
 r - a ring of protection from cold
 t - a +6 ring of intelligence
 u - a +4 ring of evasion
Scrolls
 e - a scroll of fog
 h - a scroll of poison {unknown}
 j - 3 scrolls of identify {unknown}
 m - a scroll of teleportation {unknown}
 p - a scroll of enchant weapon {unknown}
 q - 2 scrolls of enchant armour {unknown}
 x - a scroll of vulnerability {unknown}
 y - a scroll of amnesia {unknown}
Potions
 d - a potion of might
 g - a potion of curing {unknown}
 i - 3 potions of degeneration {unknown}
 k - 2 potions of heal wounds
 o - a potion of lignification {unknown}
 s - 2 potions of attraction {unknown}


   Skills:
 + Level 5.9 Fighting
 + Level 5.6 Axes
 + Level 5.3 Armour
 + Level 5.3 Shields


You had 6 spell levels left.
You didn't know any spells.
Your spell library contained the following spells:

 Spells                   Type           Power      Damage    Failure   Level
 Apportation              Tloc           0%         N/A       82%         1
 Blink                    Tloc           0%         N/A       91%         2
 Lesser Beckoning         Tloc           0%         N/A       99%         3
 Alistair's Intoxication  Tmut/Pois      0%         N/A       100%        5
 Manifold Assault         Tloc           0%         N/A       100%        5


Dungeon Overview and Level Annotations

Branches:
Dungeon (5/15)
 Temple: D:4-7

Altars:
Ashenzari

Annotations:
D:4 2 transporters, saltbearer's ghost, amateur MiAK


Message History

The dart slug barely misses you. The dart slug barely misses you.
The dart slug bites you but does no damage.
The dart slug bites you but does no damage.
You block the dart slug's attack. The dart slug barely misses you.
The dart slug bites you but does no damage.
The dart slug bites you but does no damage.
You block the dart slug's attack.
You slash the dart slug!
The dart slug is severely wounded.
The dart slug closely misses you.
You slash the dart slug!
You kill the dart slug!
You hit the hobgoblin.
The hobgoblin is severely wounded.
The hobgoblin misses you. You block the hobgoblin's attack.
You hit the hobgoblin.
You kill the hobgoblin!
The ogre hits you with a +0 giant club!!
Ouch! That really hurt!
You take 34 damage, and have 21/62 hp.
MASSIVE DAMAGE!!
You are too injured to fight recklessly!
You hit the ogre.
The ogre is lightly wounded.
The ogre closely misses you.
You hit the ogre but do no damage.
The ogre is lightly wounded.
The ogre closely misses you.
You barely miss the ogre.
The ogre is lightly wounded.
The ogre hits you with a +0 giant club!
* * * LOW HITPOINT WARNING * * *
You take 17 damage, and have 5/62 hp.
MASSIVE DAMAGE!!
You hit the ogre.
The ogre is moderately wounded.
You barely miss the ogre.
The ogre is moderately wounded.
The ogre hits you with a +0 giant club!
You die...

###########################
.#............#....#......#
)+....##..#...#..#.#..÷..#
.#.##.....#.#....#.#.#).## # #
##÷÷...##...#).#.#...#.## #..##
...............#@....#.. .....
.#####....######O######.#######..
## #.##.# #..... .. ..# #..
######.##.#########.# ####.# #.#
.......≈≈)≈§..#####.####.##.###.#
#.#####≈#§#≈#...........#........
#.# #≈#§#≈#..## #...)###.......
#.# #≈#§#≈#..# #..#..#.#.#.#..
#.# #≈≈.≈≈#..# #..#.#.........


You could see an ogre.

Vanquished Creatures
  A black bear (D:4)
  An ogre (D:4)
  2 scorpions (D:4)
  A bullfrog (D:4)
  2 hounds (D:4)
  Terence (D:2)
  8 adders
  A worm (D:2)
  3 dart slugs (D:4)
  9 orcs
  4 ball pythons
  7 endoplasms
  2 giant cockroaches (D:4)
  5 goblins
  8 hobgoblins
  7 jackals (D:4)
  4 kobolds
  A quokka (D:1)
  3 bats
  5 rats
75 creatures vanquished.

Vanquished Creatures (others)
  A plant (D:1)
1 creature vanquished.

Grand Total: 76 creatures vanquished

Notes
Turn   | Place    | Note
-------+----------+-------------------------------------------
     0 | D:1      | pwr the Hill Orc Fighter began the quest for the Orb.
     0 | D:1      | Reached XP level 1. HP: 19/19 MP: 1/1
   129 | D:1      | Reached XP level 2. HP: 24/27 MP: 2/2
  1063 | D:2      | Reached XP level 3. HP: 33/33 MP: 3/3
  1464 | D:2      | Noticed Terence
  1482 | D:2      | Killed Terence
  1483 | D:2      | Reached XP level 4. HP: 16/41 MP: 4/4
  1946 | D:2      | Found a faded altar of an unknown god.
  2011 | D:2      | You fall into a shaft and drop 2 floors!
  2281 | D:4      | Found a transporter.
  2281 | D:4      | Noticed saltbearer's ghost (amateur MiAK)
  2282 | D:4      | Identified the +6 great mace of Oxuidekk {vorpal, rF+ rC-
                  | rN+ rCorr}
  2282 | D:4      | Noticed an ogre
  2291 | D:4      | Found a transporter.
  2307 | D:4      | Reached XP level 5. HP: 47/47 MP: 5/5
  2645 | D:4      | Noticed a black bear
  2663 | D:4      | Killed a black bear
  2664 | D:4      | Reached skill level 5 in Fighting
  2664 | D:4      | Reached XP level 6. HP: 12/56 MP: 6/6
  3317 | D:4      | Found a broken altar of Ashenzari.
  3360 | D:4      | Reached skill level 5 in Axes
  3685 | D:5      | Entered Level 5 of the Dungeon
  3706 | D:4      | Reached skill level 5 in Armour
  3706 | D:4      | Reached skill level 5 in Shields
  3706 | D:4      | Reached XP level 7. HP: 4/61 MP: 7/7
  4344 | D:4      | Mangled by an ogre

Illustrated notes

Levels and vault maps discovered:
D:1:      eino_arrival_water_cross, layout_loops_ring, roderic_lattice_a
D:2:      wander_river, layout_loops_ring,
          hellmonk_ecumenical_altar_leap_of_faith, minivault_27, uniq_terence
D:4:      minmay_thinvault, layout_loops_ring, kennysheep_mini_moat,
          gammafunk_ghost_smash
D:5:      minmay_spotlight, layout_rooms, overflow_temple_1_default,
          minmay_strange_pillars, grunt_decor_fettered, uniq_crazy_yiuf_cottage,
          uniq_sigmund

Skill      XL: |  1  2  3  4  5  6 |
---------------+-------------------+-----
Axes           | 3 4 5 |  5.6
Fighting       | 4 5 |  5.9
Armour         | 4 5 |  5.3
Shields        | 4 5 |  5.3

Action                   |  1- 3 |  4- 6 |  7- 9 || total
-------------------------+-------+-------+-------++-------
Melee: War axe           |   105 |   140 |    38 ||   283
  Use: Scroll            |       |     1 |       ||     1
Armor: Scale mail        |    53 |    69 |    74 ||   196
Dodge: Dodged            |    47 |   106 |    72 ||   225
Block: Buckler           |    18 |    53 |    31 ||   102
